 Dungeon Crawl Stone Soup version 0.31.0-11-ge490571c62 (webtiles) character file.

Game seed: 16667753761769563305

700 Marvel the Cudgeller (level 7, 0/102 HPs)
             Began as a Troll Berserker on Feb 7, 2024.
             Was a Believer of Trog.
             Slain by a water moccasin (5 damage)
             ... on level 5 of the Dungeon.
             The game lasted 00:04:18 (2784 turns).

Marvel the Cudgeller (Troll Berserker)              Turns: 2784, Time: 00:04:19

Health: 0/102      AC: 11    Str: 26 (28) XL:     7   Next: 38%
Magic:  6/6        EV: 10    Int:  2 (3)  God:    Trog [**....]
Gold:   148        SH:  0    Dex:  8 (9)  Spells: 6/6 levels left

rFire   . . .        u - +1 flail (protect)
rCold   . . .        (no shield)
rNeg    . . .        b - +0 animal skin
rPois   .            (helmet restricted)
rElec   .            (no cloak)
rCorr   .            (gloves unavailable)
SInv    .            (boots unavailable)
Will    .....        (no amulet) Stlth
                     (no ring)
HPRegen 1.17/turn    (no ring)
MPRegen 0.10/turn

%: no passive effects
@: berserking, lethally poisoned (0 -> -7), under a protective aura, very quick
A: large, unfitting armour, claws 3, regeneration 1, shaggy fur 1, tough skin 1
a: Renounce Religion, Berserk, Trog's Hand


You were on level 5 of the Dungeon.
You worshipped Trog.
Trog was pleased with you.
You visited 1 branch of the dungeon, and saw 5 of its levels.

You collected 190 gold pieces.
You spent 42 gold pieces at shops.

Inventory:

Hand Weapons
 a - a +0 mace
 u - a +1 flail of protection (weapon)
Missiles
 n - 12 poisoned darts (quivered)
 s - 2 javelins
Armour
 b - a +0 animal skin (worn)
Jewellery
 v - an amulet of guardian spirit
Wands
 o - a wand of flame (29)
 p - a wand of polymorph (7)
Scrolls
 d - 4 scrolls of noise {unknown}
 g - a scroll of teleportation
 h - a scroll of immolation {unknown}
 i - a scroll of identify {unknown}
 j - a scroll of revelation {unknown}
 m - a scroll of brand weapon {unknown}
 r - a scroll of butterflies {unknown}
 t - a scroll of enchant weapon {unknown}
Potions
 e - a potion of degeneration
 f - a potion of attraction {unknown}
 k - a potion of resistance {unknown}
 l - a potion of haste {unknown}
 q - a potion of curing {unknown}


   Skills:
 + Level 3.8 Fighting
 + Level 5.9 Maces & Flails
 + Level 4.2 Dodging
 + Level 0.4 Stealth
 + Level 0.7 Unarmed Combat


You had 6 spell levels left.
You didn't know any spells.
Your spell library was empty.

Dungeon Overview and Level Annotations

Branches:
Dungeon (5/15)
 Temple: D:4-7

Altars:
Elyvilon
Nemelex Xobeh
Vehumet
Yredelemnul

Shops:
D:1 ?


Innate Abilities, Weirdness & Mutations

You are too large for most types of armour.
You have claws for hands.
Your natural rate of healing is unusually fast.
You are covered in fur. (AC +1)
You have tough skin. (AC +1)


Message History

You feel yourself moving faster!
You feel mighty!
You feel very sick. The water moccasin bites you!
The orc priest looks encouraged for a moment.
The orc wizard hits you but does no damage.
The shadow imp shouts, "Decamp, thou yeasty fob-snatching haggard!"
You bludgeon the orc wizard!!
Your weapon exudes an aura of protection.
You kill the orc wizard!
Trog accepts your kill.
Trog appreciates your killing of a magic user.
You feel sick. The water moccasin bites you.
You are more poisoned.
The water moccasin poisons you!
You hit the water moccasin.
The water moccasin is lightly wounded.
You feel very sick. The water moccasin barely misses you.
You closely miss the water moccasin.
The water moccasin is lightly wounded.
You feel very sick. The orc hits you but does no damage.
The shadow imp misses you.
The water moccasin bites you but does no damage.
You miss the water moccasin.
The water moccasin is lightly wounded.
You feel very sick. The water moccasin bites you.
* * * LOW HITPOINT WARNING * * *
The orc closely misses you.
The orc priest mumbles some strange prayers to Beogh against you.
Beogh smites you!
* * * LOW HITPOINT WARNING * * *
The shadow imp disappears for a moment.
The shadow imp hits you but does no damage.
You closely miss the water moccasin.
The water moccasin is lightly wounded.
* * * LOW HITPOINT WARNING * * *
You feel very sick. The water moccasin bites you.
You die...

#.#.##.#
#.#.##.########## ..#
#.#............. ..
#.####..#####.) ..
#.......#####.# .# #
#####)#.#.#.#.# #.#.##
#..)).....)..###.....#
##.##.#.#.#.#..#.5....#
................@S#
#.###.#.#.#.#..##o#
#.##..........## o.#
#.###.#.#.#.#.. #...
#.##>........### .###
..###.#.#.#.# ## ###
######


You could see a water moccasin, an orc priest, a shadow imp and an orc.

Vanquished Creatures
  Edmund (D:4)
  3 ogres
  3 bombardier beetles
  A hound (D:4)
  An orc priest (D:5)
  Ijyb (D:4)
  An orc wizard (D:5)
  Robin (D:4)
  3 adders
  A ribbon worm (D:5)
  2 dart slugs
  4 orcs (D:5)
  5 ball pythons
  3 bats
  7 endoplasms
  5 giant cockroaches
  11 goblins
  10 hobgoblins
  3 jackals (D:2)
  5 quokkas
  A frilled lizard (D:1)
  6 kobolds
  3 rats
81 creatures vanquished.

Notes
Turn   | Place    | Note
-------+----------+-------------------------------------------
     0 | D:1      | Marvel the Troll Berserker began the quest for the Orb.
     0 | D:1      | Reached XP level 1. HP: 22/22 MP: 0/0
   337 | D:1      | Found Ydesouvi's Magic Scroll Shop.
   346 | D:1      | Bought a scroll of teleportation for 42 gold pieces
   385 | D:1      | Reached skill level 3 in Maces & Flails
   385 | D:1      | Reached XP level 2. HP: 29/29 MP: 1/1
   856 | D:2      | Found a basalt altar of Yredelemnul.
   880 | D:2      | Reached XP level 3. HP: 36/36 MP: 2/2
   975 | D:2      | Reached ** piety under Trog
  1321 | D:3      | Found a white marble altar of Elyvilon.
  1438 | D:3      | Reached XP level 4. HP: 44/44 MP: 3/3
  1472 | D:3      | Found a radiant altar of Vehumet.
  1541 | D:3      | Found a sparkling altar of Nemelex Xobeh.
  1998 | D:4      | Noticed Ijyb
  2042 | D:4      | Killed Ijyb
  2043 | D:4      | Reached skill level 4 in Maces & Flails
  2057 | D:4      | Reached XP level 5. HP: 21/53 MP: 4/4
  2184 | D:4      | Noticed Robin
  2224 | D:4      | Killed Robin
  2297 | D:4      | Noticed an ogre
  2304 | D:4      | Killed an ogre
  2305 | D:4      | Reached XP level 6. HP: 61/61 MP: 5/5
  2438 | D:4      | Reached skill level 5 in Maces & Flails
  2540 | D:4      | Noticed Edmund
  2562 | D:4      | Killed Edmund
  2608 | D:4      | Reached XP level 7. HP: 67/67 MP: 6/6
  2672 | D:5      | Entered Level 5 of the Dungeon
  2784 | D:5      | HP: 5/102 [poisoned by a water moccasin]
  2784 | D:5      | Slain by a water moccasin

Illustrated notes

Levels and vault maps discovered:
D:1:      minmay_arrival_nine_rooms, layout_basic, serial_shops,
          nicolae_shop_tiny_waterfront, serial_rivers,
          chequers_serial_rivers_small_a, chequers_serial_rivers_small_b,
          chequers_serial_rivers_room_a, chequers_serial_rivers_marsh,
          minmay_misc_feat_alley
D:2:      layout_rooms, basic_altar, st_stairs_13
D:3:      layout_rooms, nicolae_vehumet_altar_sigil,
          nicolae_overflow_hidden_temple, mainiacjoe_overflow_cross_hatched,
          chequers_decorated_corner, minmay_misc_feat_hallway
D:4:      minmay_inner_zag, layout_loops_ring, uniq_robin, uniq_ijyb,
          uniq_edmund
D:5:      layout_loops_ring, mainiacjoe_overflow_tiny_flanked,
          minmay_temple_entry_offerings, nicolae_eternal_life, st_stairs_9,
          uniq_blork_the_orc, uniq_grinder

Skill      XL: |  1  2  3  4  5  6  7 |
---------------+----------------------+-----
Maces & Flails | 3 4 5 |  5.9
Fighting       | 3 |  3.8
Dodging        | 3 4 |  4.2
Stealth        | |  0.4
Unarmed Combat | |  0.7

Action                     |  1- 3 |  4- 6 |  7- 9 || total
---------------------------+-------+-------+-------++-------
  Melee: Mace              |   137 |   134 |       ||   271
         Unarmed           |       |    24 |       ||    24
         Punch             |       |     1 |     1 ||     2
         Flail             |       |     2 |    38 ||    40
 Invoke: Berserk           |       |     3 |     1 ||     4
    Use: Potion            |       |       |     3 ||     3
   Stab: Sleeping          |       |     1 |       ||     1
 Armour: Animal skin       |   124 |    91 |    32 ||   247
         Skin              |       |     4 |       ||     4
  Dodge: Dodged            |   117 |    87 |    19 ||   223
